 Dungeon Crawl Stone Soup version 0.28-a0-519-gbfeecf2fc5 (webtiles) character file.

Game seed: 10769665295896171928

27 Rennog the Skirmisher (level 2, -8/27 HPs)
             Began as a Minotaur Fighter on Sept 23, 2021.
             Was an Initiate of Gozag.
             Mangled by a goblin (19 damage)
             ... on level 2 of the Dungeon.
             The game lasted 00:01:41 (1076 turns).

Rennog the Skirmisher (Minotaur Fighter)            Turns: 1076, Time: 00:01:42

Health: -8/27      AC: 10    Str: 20    XL:     2   Next: 93%
Magic:  1/1        EV: 10    Int:  5    God:    Gozag
Gold:   90         SH:  0    Dex:  9    Spells: 1/1 levels left

rFire   . . .      SeeInvis .   l - +0 dire flail
rCold   . . .      Faith    .   (shield currently unavailable)
rNeg    . . .      Spirit   .   b - +0 scale mail
rPois   .          Reflect  .   (helmet restricted)
rElec   .          Harm     .   (no cloak)
rCorr   .          Rampage  .   (no gloves)
Will    .....                   i - +2 pair of boots
Stlth   ..........              (no amulet)
HPRegen 0.09/turn               (no ring)
MPRegen 0.07/turn               (no ring)

@: no status effects
A: horns 2, retaliatory headbutt
a: Renounce Religion, Potion Petition, Call Merchant, Bribe Branch


You were on level 2 of the Dungeon.
You worshipped Gozag.
Gozag was noncommittal.
You visited 1 branch of the dungeon, and saw 2 of its levels.

You collected 90 gold pieces.

Inventory:

Hand Weapons
 a - a +0 flail
 l - a +0 dire flail (weapon)
Armour
 b - a +0 scale mail (worn)
 c - a +0 buckler
 i - a +2 pair of boots (worn)
Scrolls
 f - a scroll of amnesia {unknown}
 g - a scroll of identify {unknown}
 h - a scroll of blinking {unknown}
 j - a scroll of brand weapon {unknown}
Potions
 d - a potion of might
 e - a potion of invisibility {unknown}
 k - 2 potions of curing {unknown}
 m - a potion of haste {unknown}


   Skills:
 + Level 4.0 Fighting
 * Level 3.2 Maces & Flails
 + Level 3.9 Armour
 + Level 0.9 Dodging
 - Level 3.6 Shields


You had one spell level left.
You didn't know any spells.
Your spell library contained the following spells:

 Spells                   Type           Power      Damage    Failure   Level
 Cause Fear               Hex            0%         N/A       100%        4
 Dragon Form              Tmut           0%         N/A       100%        7
 Dragon's Call            Summ           0%         N/A       100%        9


Dungeon Overview and Level Annotations

Branches:
Dungeon (2/15)

Altars:
Gozag


Innate Abilities, Weirdness & Mutations

You have a pair of horns on your head.
You reflexively headbutt those who attack you in melee.


Message History

Ouch! That really hurt!
* * * LOW HITPOINT WARNING * * *
You are too injured to fight recklessly!
You are too injured to fight recklessly!
You are too injured to fight recklessly!
You are too injured to fight recklessly!
You are too injured to fight recklessly!
You are too injured to fight recklessly!
You are too injured to fight recklessly!
You are too injured to fight recklessly!
You are too injured to fight recklessly!
You are too injured to fight recklessly!
You are too injured to fight recklessly!
You are too injured to fight recklessly!
You are too injured to fight recklessly!
You are too injured to fight recklessly!
You are too injured to fight recklessly!
You are too injured to fight recklessly!
You are too injured to fight recklessly!
You are too injured to fight recklessly!
You are too injured to fight recklessly!
You are too injured to fight recklessly!
You are too injured to fight recklessly!
You are too injured to fight recklessly!
You are too injured to fight recklessly!
You are too injured to fight recklessly!
You are too injured to fight recklessly!
You are too injured to fight recklessly!
You see here 16 gold pieces.
The kobold throws a stone.
The stone misses you.
There is a stone staircase leading down here.
The goblin closely misses you.
You climb downwards.
There is a stone staircase leading up here.
You closely miss the goblin. The goblin barely misses you.
You barely miss the goblin. The goblin hits you but does no damage.
You are electrocuted!!
Ouch! That really hurt!
You die...
Your body crumbles into a pile of gold.

###
#####.###############
.......##......g@...#
#####.###.#########.#
#.# #.# #.# #.# #.#
#.# #.###.# #.# #####
#.....# #.#####...#
###########
#.........#
....#######
#######...#
#.........# ##.##


You could see a goblin.

Vanquished Creatures
  An adder (D:2)
  3 bats
  2 endoplasms
  A giant cockroach (D:2)
  2 goblins
  4 kobolds
  A ball python (D:1)
  A frilled lizard (D:1)
  3 rats
18 creatures vanquished.

Vanquished Creatures (others)
  7 toadstools (D:1)
7 creatures vanquished.

Grand Total: 25 creatures vanquished

Notes
Turn   | Place    | Note
-------+----------+-------------------------------------------
     0 | D:1      | Rennog the Minotaur Fighter began the quest for the Orb.
     0 | D:1      | Reached XP level 1. HP: 19/19 MP: 0/0
    20 | D:1      | Found a faded altar of an unknown god.
    54 | D:1      | Became a worshipper of Gozag Ym Sagoz the Greedy
   209 | D:1      | Reached XP level 2. HP: 25/26 MP: 1/1
   318 | D:1      | You fall into a shaft and drop 1 floor!
   711 | D:2      | Reached skill level 4 in Fighting
  1076 | D:2      | Mangled by a goblin

Illustrated notes

Levels and vault maps discovered:
D:1:      nagdon_arrival_double_spiral, layout_loops_ring,
          hellmonk_ecumenical_altar_lost_god
D:2:      layout_loops_ring

Skill      XL: |  1  2 |
---------------+-------+-----
Maces & Flails | 3 |  3.2
Fighting       | 4 |  4.0
Armour         | |  3.9
Dodging        | |  0.9
Shields        | |  3.6

Action                   || total
-------------------------++-------
Melee: Flail             ||    28
       Dire flail        ||    11
       Headbutt          ||     6
Armor: Scale mail        ||    21
Dodge: Dodged            ||    22
Block: Buckler           ||     5

Table legend: (Time is in decaauts)
 A = Elapsed time spent in this place.
 B = Non-inter-level travel time spent in this place.
 C = Inter-level travel time spent in this place.
 D = Time resting spent in this place.
 E = Time spent auto-exploring this place.
 F = Levels seen in this place.
 G = Mean time per level.
                   A        B        C        D        E       F      G
               +--------+--------+--------+--------+--------+-----+--------+
         Total |   1088 |   1038 |     50 |      0 |    850 |   2 |  544.0 |
       Dungeon |   1088 |   1038 |     50 |      0 |    850 |   2 |  544.0 |
               +--------+--------+--------+--------+--------+-----+--------+

Top non-repeatable levels by time:
     D:2: 695 daAuts
     D:1: 392 daAuts
